 Dungeon Crawl Stone Soup version 0.18.1-48-g4cf74bf (webtiles) character file.

25705 Necrotakul the Summoner (level 13, -8/91 HPs)
             Began as a Merfolk Summoner on July 8, 2016.
             Was an Elder of Ashenzari.
             Mangled by Snorg (16 damage)
             ... on level 3 of the Lair of Beasts on July 9, 2016.
             The game lasted 02:00:16 (25658 turns).

Necrotakul the Summoner (Merfolk Summoner)         Turns: 25658, Time: 02:00:16

Health: -8/91      AC:  6    Str:  8    XL:     13   Next: 21%
Magic:  9/26       EV: 16    Int: 20    God:    Ashenzari [****..]
Gold:   1463       SH:  5    Dex: 14    Spells: 5 memorised, 12 levels left

rFire  . . .     SeeInvis +     x - +0 trident (venom) (curse)
rCold  . . .     Gourm    .     H - +1 robe {MR+} (curse)
rNeg   + . .     Faith    .     I - +0 buckler (curse)
rPois  +         Spirit   .     (no helmet)
rElec  .         Dismiss  .     D - +0 cloak (curse)
rCorr  +         Reflect  .     J - +1 pair of gloves (curse)
SustAt .         Harm     .     (no boots)
MR     +....     Clarity  +     M - amulet "Kuer" {Fragile +Rage rPois rN+} (curse)
Stlth  +++.......               Q - ring of wizardry (curse)
                                h - ring of resist corrosion (curse)

@: about to teleport, somewhat resistant to hostile enchantments, fairly
stealthy
A: change form in water, swift swim
a: Curse Item, Scrying, Renounce Religion, Evoke Berserk Rage


You were on level 3 of the Lair of Beasts.
You worshipped Ashenzari.
Ashenzari was greatly pleased with you.
You were very hungry.

You visited 3 branches of the dungeon, and saw 15 of its levels.
You also visited: Ice Cave.

You collected 1463 gold pieces.

Inventory:

Hand Weapons
 x - a cursed +0 trident of venom (weapon)
Missiles
 l - 21 tomahawks (quivered)
Armour
 D - a cursed +0 cloak (worn)
 H - a cursed +1 robe of magic resistance (worn)
 I - a cursed +0 buckler (worn)
 J - a cursed +1 pair of gloves (worn)
Jewellery
 a - an uncursed ring of sustain attributes
 h - a cursed ring of resist corrosion (left hand)
 z - an uncursed ring of poison resistance
 B - an uncursed amulet of harm
 M - the cursed amulet "Kuer" (around neck) {Fragile +Rage rPois rN+}
   (You took it off a centaur on level 10 of the Dungeon)

   [amulet of rage]

   It protects you from poison.
   It protects you from negative energy.
   It lets you go berserk.
   It will be destroyed if unequipped.
   It has a curse placed upon it.
 Q - a cursed ring of wizardry (right hand)
Wands
 i - a wand of iceblast (6/15)
 t - a wand of lightning (6/15)
 E - a wand of enslavement (16/24)
 L - a wand of heal wounds (0/9)
Scrolls
 b - a scroll of summoning {unknown}
 e - 3 scrolls of teleportation
 o - 2 scrolls of remove curse
 p - a scroll of magic mapping {unknown}
 r - 5 scrolls of enchant weapon
 w - a scroll of holy word {unknown}
 y - a scroll of amnesia
 A - a scroll of vulnerability {unknown}
 G - a scroll of immolation {unknown}
 K - a scroll of acquirement {unknown}
 P - a scroll of brand weapon {unknown}
 R - a scroll of enchant armour
Potions
 d - 3 potions of flight
 f - a potion of magic {unknown}
 g - 4 potions of agility
 j - a potion of beneficial mutation {unknown}
 k - a potion of haste {unknown}
 n - 3 potions of curing
 q - 2 potions of might
 v - a potion of cancellation {unknown}
 C - a potion of resistance {unknown}
 F - 3 potions of degeneration {unknown}
 N - a potion of ambrosia {unknown}
Comestibles
 c - 7 bread rations
 m - 9 fruits
 s - 7 meat rations


   Skills:
 - Level 5.2 Fighting
 - Level 10.0(13.2) Polearms
 - Level 5.5(7.8) Dodging
 - Level 2.1(3.9) Stealth
 - Level 4.2(6.3) Shields
 - Level 9.1 Spellcasting
 + Level 8.3(11.8) Conjurations
 - Level 13.4(16.4) Summonings
 - Level 2.8(5.7) Fire Magic


You had 12 spell levels left.
You knew the following spells:

 Your Spells              Type           Power        Failure   Level  Hunger
a - Summon Lightning Spi  Summ/Air       #####...     1%          4    ###....
b - Fireball              Conj/Fire      #####.....   3%          5    #####..
c - Call Canine Familiar  Summ           ######..     1%          3    None
d - Delayed Fireball      Conj/Fire      N/A          82%         7    #######
e - Throw Icicle          Conj/Ice       ####....     4%          4    ###....


Dungeon Overview and Level Annotations

Branches:
Dungeon (11/15)            Temple (1/1) D:7            Lair (3/8) D:11
 Spider (0/4) Lair:3          Orc (0/2) D:10
  Swamp: Lair:3-6    Shoals: Lair:3-6

Altars:
Ashenzari
Cheibriados
Dithmenos
Elyvilon
Fedhas
Gozag
Kikubaaqudgha
Makhleb
Nemelex Xobeh
Okawaru
Pakellas
Qazlal
Ru
Sif Muna
Trog
Vehumet
Xom
Yredelemnul
Zin
The Shining One

Annotations:
Lair:3 Snorg


Message History

Press: ? - help, Dir - move target cursor An electric hum fills the air.
Snorg bites your lightning spire but does no damage.
Snorg claws your lightning spire! x2
Snorg bites your lightning spire!!
Your lightning spire is destroyed!
Snorg bites you!!
* * * LOW HITPOINT WARNING * * *
You block Snorg's attack. Snorg closely misses you. Snorg bites you!
* * * LOW HITPOINT WARNING * * *
Snorg claws you but does no damage. x2
You block Snorg's attack. Snorg closely misses you. You block Snorg's attack.
Drink which item? (? for menu, Esc to quit)
Okay, then.
Read which item? (? for menu, Esc to quit)
As you read the scroll of teleportation, it crumbles to dust.
You feel strangely unstable. Snorg closely misses you.
You block Snorg's attack. Snorg claws you!
You die...

* * ##...#####.....# , * ** ##
###...P##.....## , , * * #.
#..#...##..#P.# , ,,*
#.##.......#..#### , ,, , ,,
#...........## , ,
#........#.#.# , , ,
#........#.#.# , , *
*#T.....###..## * ,, ,,,
*#.##@.....##...P# ,, **
#........P.P..## , * * *
#....#P#........## ,,
,#.#...######.#......# ..!#.
.#......## #.##......##
....###.........#### ##.[....#
.....##.#........## #.......#
.....##...........####....#..#
...P.##............#......#..##


You could see Snorg (berserk).

Vanquished Creatures
  Erolcha (D:8)
  Erica (D:8)
  2 hill giants
  Pikel (D:6)
  An ugly thing (D:11)
  A centaur zombie (D:11)
  2 ice statues (IceCv)
  5 spiny frogs
  2 rime drakes (Lair:2)
  Prince Ribbit (D:8)
  A troll (D:11)
  9 blink frogs
  Sigmund (D:3)
  19 yaks
  A basilisk (Lair:1)
  3 hippogriffs
  A hungry ghost (D:8)
  A mottled dragon (D:11)
  A soldier ant (D:11)
  Duvessa (D:7)
  5 porcupines
  7 orc warriors
  7 water moccasins
  9 ice beasts
  2 phantoms
  A necrophage (Lair:3)
  5 sky beasts
  2 ogres
  14 wolves
  3 centaurs
  18 giant frogs
  A gnoll sergeant (D:8)
  Dowan (D:7)
  2 scorpions
  A troll zombie (D:10)
  4 killer bees (D:10)
  6 wights
  5 howler monkeys
  An electric eel (Lair:2)
  4 crimson imps
  6 orc priests
  2 centaur skeletons
  4 hounds
  Crazy Yiuf (D:6)
  2 giant frog skeletons
  12 orc wizards
  4 iguanas
  7 worker ants
  An ogre zombie (D:10)
  A gnoll (D:8)
  11 adders
  11 river rats
  A shadow imp (D:9)
  4 oozes
  An adder skeleton (D:6)
  3 worms
  3 dart slugs
  2 giant geckos
  26 orcs
  3 giant cockroaches
  11 goblins
  5 hobgoblins
  10 jackals
  17 kobolds
  3 quokkas
  2 ball pythons
  8 bats
  A giant gecko skeleton (D:8)
  8 giant newts
  A goblin zombie (D:10)
  A hobgoblin zombie (D:10)
  2 jackal zombies
  2 orc skeletons (D:10)
  5 orc zombies (D:10)
  6 rats
  A butterfly (Temple)
341 creatures vanquished.

Vanquished Creatures (collateral kills)
  2 ice dragons (IceCv)
  The ghost of Necrotakul the Fighter, a novice GrFi of Makhleb (D:8)
  Sonja (Lair:3)
  An unseen horror (D:10)
  2 hill giants (D:11)
  A black mamba (Lair:1)
  Joseph (D:8)
  3 gargoyles (D:11)
  A komodo dragon (Lair:3)
  5 blink frogs
  A hill giant zombie (D:10)
  13 yaks
  A wraith (D:10)
  A basilisk (Lair:3)
  4 hungry ghosts
  3 hippogriffs
  A water moccasin (Lair:1)
  A necrophage (Lair:3)
  A sky beast (D:8)
  2 phantoms
  9 ice beasts (IceCv)
  A wolf (Lair:2)
  2 ogres
  A centaur (D:9)
  A big kobold (D:11)
  A giant frog (D:9)
  A scorpion (D:11)
  4 killer bees
  A howler monkey (D:7)
  11 wights
  A jelly (D:10)
  A crimson imp (D:8)
  2 orc priests
  5 orc wizards
  2 giant frog skeletons
  Jessica (D:3)
  2 worker ants
  An iguana (Lair:1)
  5 ogre zombies (D:10)
  A howler monkey zombie (D:8)
  3 gnolls
  A howler monkey skeleton (D:7)
  4 adders
  2 river rats (Lair:3)
  A shadow imp (D:6)
  A worm (D:3)
  28 orcs
  A giant cockroach (D:6)
  2 hobgoblins
  2 jackals (D:5)
  2 kobolds
  A bat (D:3)
  A goblin skeleton (D:10)
  2 goblin zombies (D:10)
  3 hobgoblin zombies (D:10)
  An orc skeleton (D:10)
  9 orc zombies (D:10)
  A butterfly (D:7)
  A fungus (Lair:2)
165 creatures vanquished.

Vanquished Creatures (others)
  A slave (D:6)
  A giant gecko (D:1)
  9 fungi
  A plant (Lair:2)
12 creatures vanquished.

Grand Total: 518 creatures vanquished

Notes
Turn   | Place    | Note
--------------------------------------------------------------
     0 | D:1      | Necrotakul the Merfolk Summoner began the quest for the Orb.
     0 | D:1      | Reached XP level 1. HP: 13/13 MP: 3/3
   288 | D:1      | Reached XP level 2. HP: 16/19 MP: 3/5
   785 | D:1      | Reached XP level 3. HP: 18/24 MP: 6/6
   907 | D:1      | Reached skill level 5 in Summonings
  1637 | D:2      | Reached XP level 4. HP: 10/30 MP: 5/7
  1661 | D:2      | HP: 1/30 [poisoned by an adder]
  2630 | D:3      | Learned a level 2 spell: Call Imp
  2725 | D:3      | Found a shattered altar of Ashenzari.
  2729 | D:3      | Saw a vision of the Swamp and the Spider Nest.
  2729 | D:3      | Noticed a redback
  2729 | D:3      | Noticed a water moccasin
  2729 | D:3      | Noticed a wolf spider
  2729 | D:3      | Noticed a redback
  2729 | D:3      | Noticed a giant frog
  2729 | D:3      | Noticed a swamp drake
  2733 | D:3      | Became a worshipper of Ashenzari the Shackled
  2774 | D:3      | Reached skill level 5 in Dodging
  2823 | D:3      | Noticed Jessica
  2836 | D:3      | Killed Jessica
  2836 | D:3      | Reached XP level 5. HP: 7/35 MP: 3/8
  3613 | D:3      | Reached XP level 6. HP: 38/47 MP: 0/9
  3784 | D:3      | Noticed Sigmund
  4066 | D:3      | Killed Sigmund
  4066 | D:3      | Reached skill level 5 in Fighting
  4333 | D:3      | Learned a level 3 spell: Call Canine Familiar
  4429 | D:3      | Reached XP level 7. HP: 56/56 MP: 7/10
  4887 | D:4      | Found a white marble altar of Elyvilon.
  4897 | D:4      | Reached skill level 1 in Polearms
  5278 | D:4      | Found a glowing golden altar of the Shining One.
  5313 | D:5      | Entered Level 5 of the Dungeon
  5518 | D:5      | Reached skill level 5 in Polearms
  5848 | D:5      | Reached XP level 8. HP: 53/62 MP: 8/12
  6214 | D:5      | Found a sparkling altar of Nemelex Xobeh.
  6215 | D:5      | Found an opulent altar of Gozag.
  6345 | D:6      | Noticed Blork the orc
  6729 | D:6      | Noticed Blork
  6729 | D:6      | Blork the orc changed into Blork the ooze
  6732 | D:6      | Killed Blork the ooze
  6773 | D:6      | Found a shimmering altar of Xom.
  6836 | D:6      | Reached skill level 10 in Polearms
  7027 | D:6      | Found a snail-covered altar of Cheibriados.
  7049 | D:6      | Noticed Pikel
  7172 | D:6      | Killed Pikel
  7172 | D:6      | Reached skill level 5 in Spellcasting
  7172 | D:6      | Reached XP level 9. HP: 64/68 MP: 3/17
  7238 | D:6      | Noticed Crazy Yiuf
  7246 | D:6      | Killed Crazy Yiuf
  7386 | D:6      | Reached * piety under Ashenzari
  7708 | D:7      | Reached skill level 6 in Summonings
  7949 | D:7      | Reached skill level 7 in Summonings
  8526 | D:7      | Noticed Dowan
  8528 | D:7      | Noticed Duvessa
  8540 | D:7      | Killed Dowan
  8555 | D:7      | Killed Duvessa
  8647 | D:7      | Found a staircase to the Ecumenical Temple.
  8656 | Temple   | Entered the Ecumenical Temple
  8736 | D:7      | Reached skill level 8 in Summonings
  9433 | D:8      | Reached skill level 9 in Summonings
  9533 | D:8      | Noticed Prince Ribbit
  9549 | D:8      | Killed Prince Ribbit
  9549 | D:8      | Reached XP level 10. HP: 10/74 MP: 14/18
 10126 | D:8      | Reached skill level 10 in Summonings
 10260 | D:8      | Noticed Necrotakul's ghost (novice GrFi)
 10500 | D:8      | Noticed Erolcha
 10520 | D:8      | Killed Erolcha
 10626 | D:8      | Learned a level 4 spell: Summon Lightning Spire
 10938 | D:8      | Killed Necrotakul's ghost
 11294 | D:8      | Noticed Erica
 11317 | D:8      | Killed Erica
 11572 | D:8      | Noticed Joseph
 11583 | D:8      | Killed Joseph
 12178 | D:9      | Reached XP level 11. HP: 70/80 MP: 8/23
 12521 | D:9      | Reached ** piety under Ashenzari
 12919 | D:10     | Entered Level 10 of the Dungeon
 13127 | D:10     | Identified the amulet "Kuer" {Fragile +Rage rPois rN+} (You took it off a centaur on level 10 of the Dungeon)
 13637 | D:10     | Killed an unseen horror
 13926 | D:10     | Noticed a hill giant
 13946 | D:10     | Killed a hill giant
 14486 | D:10     | Found a staircase to the Orcish Mines.
 14714 | D:10     | Reached skill level 11 in Summonings
 15217 | D:11     | Found a staircase to the Lair.
 15244 | D:11     | Noticed a cyan ugly thing
 15259 | D:11     | Noticed a hill giant
 15287 | D:11     | Killed a cyan ugly thing
 15325 | D:11     | Killed a hill giant
 15606 | D:11     | Noticed a hill giant
 15610 | D:11     | Noticed a hill giant
 15619 | D:11     | Killed a hill giant
 15647 | D:11     | Reached skill level 12 in Summonings
 15652 | D:11     | Killed a hill giant
 16355 | D:11     | Reached skill level 13 in Summonings
 16355 | D:11     | Reached XP level 12. HP: 38/86 MP: 25/25
 16694 | D:11     | Reached *** piety under Ashenzari
 17108 | Lair:1   | Entered Level 1 of the Lair of Beasts
 17520 | Lair:1   | Learned a level 5 spell: Fireball
 17528 | Lair:1   | Learned a level 7 spell: Delayed Fireball
 17803 | Lair:1   | Reached skill level 1 in Conjurations
 17803 | Lair:1   | Reached skill level 1 in Fire Magic
 18269 | Lair:1   | Reached **** piety under Ashenzari
 20244 | Lair:2   | Learned a level 4 spell: Throw Icicle
 20725 | Lair:2   | Reached skill level 5 in Conjurations
 21589 | Lair:3   | Found a hole to the Spider Nest.
 21615 | Lair:3   | Found a frozen archway.
 21647 | IceCv    | Entered an ice cave
 21657 | IceCv    | HP: 3/86 [ice beast (7)]
 22039 | IceCv    | Reached ***** piety under Ashenzari
 22997 | IceCv    | HP: 4/86 [ice statue/shard of ice (16)]
 23545 | IceCv    | Reduced skill Fire Magic to level 1
 23674 | IceCv    | Reached XP level 13. HP: 66/91 MP: 23/26
 23790 | IceCv    | Noticed an ice dragon
 23790 | IceCv    | Noticed an ice dragon
 23791 | IceCv    | Identified the amulet of Numpam {Faith rC+}
 23791 | IceCv    | Identified the amulet of Dissent {Spirit rC+ Dex+3}
 24345 | IceCv    | Killed an ice dragon
 24355 | IceCv    | Killed an ice dragon
 25567 | Lair:3   | Noticed Sonja
 25570 | Lair:3   | Killed Sonja
 25613 | Lair:3   | Noticed Snorg
 25658 | Lair:3   | Mangled by Snorg

Skill      XL: |  1  2  3  4  5  6  7  8  9 10 11 12 13 |
---------------+----------------------------------------+-----
Summonings     | 5 9 10 13 | 13.4
Dodging        | 4 5 |  5.5
Fighting       | 3 5 |  5.2
Spellcasting   | 3 5 8 9 |  9.1
Polearms       | 6 10 | 10.0
Shields        | 4 |  4.2
Conjurations   | 7 8 |  8.3
Fire Magic     | 1 2 |  2.8
Stealth        | |  2.1

Action                   |  1- 3 |  4- 6 |  7- 9 | 10-12 | 13-15 || total
-------------------------+-------+-------+-------+-------+-------++-------
Melee: Unarmed           |    25 |       |       |       |       ||    25
       Hand axe          |    58 |   142 |    19 |       |       ||   219
       Club              |     9 |       |       |       |       ||     9
       Trident           |       |       |   440 |  1248 |    91 ||  1779
 Cast: Summon Small Mamm |    11 |     7 |       |       |       ||    18
       Call Imp          |       |    23 |    13 |    27 |       ||    63
       Call Canine Famil |       |       |    44 |    60 |     8 ||   112
       Summon Lightning  |       |       |       |    41 |    17 ||    58
       Fireball          |       |       |       |    13 |     3 ||    16
       Throw Icicle      |       |       |       |       |    10 ||    10
Invok: Curse Item        |       |       |     4 |     3 |     1 ||     8
       Transfer Knowledg |       |       |       |     1 |       ||     1
       End Transfer Know |       |       |       |     1 |       ||     1
Evoke: Wand              |       |       |     5 |     4 |       ||     9
  Use: Scroll            |     1 |     7 |     2 |     5 |     1 ||    16
       Potion            |       |     3 |       |     4 |     4 ||    11
 Stab: Sleeping          |     4 |     6 |     5 |    10 |       ||    25
       Distracted        |       |       |     6 |    16 |       ||    22
       Invisible         |       |       |       |       |     1 ||     1
  Eat: Chunk             |     2 |    11 |    18 |    43 |     4 ||    78
       Fruit             |       |       |     1 |    11 |     5 ||    17
       Royal jelly       |       |       |     1 |       |       ||     1
       Beef jerky        |       |       |       |     2 |       ||     2
       Pizza             |       |       |       |     1 |       ||     1
Armor: Robe              |    12 |    28 |    49 |   124 |     7 ||   220
Dodge: Dodged            |    68 |   126 |   266 |   551 |    59 ||  1070
Block: Buckler           |       |       |       |   117 |    26 ||   143
